Map: Oceanborn LE

Players

Geralt (Gerald) - Winner!

  • Race: Protoss Protoss
  • League: Grandmaster
  • Spawn Location: 11:00

sebesdes

  • Race: Protoss Protoss
  • League: Grandmaster
  • Spawn Location: 5:00

Event: HomeStory Cup XXV

VOD

Have the link to the VOD?

Description

Time

  • Played on: June 21, 2024, 11:36 a.m.
  • Length: 7:37

All games in this series

Show
View Real Time Build Order
Export as new Build Order

Geralt Protoss - Winner!

Build Orders: Blink Stalkers 

Get SALT Encoding   

  12  0:00  Probe  
  13  0:12  Probe  
  14  0:17  Pylon  
  14  0:24  Probe (Chrono Boost)  
  16  0:36  Probe (Chrono Boost)  
  16  0:37  Gateway  
  16  0:43  Probe (Chrono Boost)  
  16  0:45  Assimilator  
  17  0:51  Probe  
  18  0:58  Assimilator  
  18  1:03  Probe (Chrono Boost)  
  19  1:07  Gateway  
  19  1:12  Probe (Chrono Boost)  
  19  1:17  Probe (Chrono Boost)  
  20  1:24  Cybernetics Core  
  21  1:29  Probe  
  22  1:40  Pylon  
  22  1:41  Probe  
  23  1:58  Probe  
  24  2:02  Stalker x2, Warp Gate  
  28  2:10  Probe, Pylon  
  29  2:23  Pylon  
  29  2:27  Probe  
  29  2:32  Adept  
  29  2:33  Adept  
  33  2:40  Probe  
  34  2:56  Nexus  
  34  2:58  Probe  
  35  3:08  Twilight Council  
  35  3:11  Probe  
  36  3:17  Pylon  
  36  3:23  Probe (Chrono Boost)  
  37  3:33  Probe (Chrono Boost)  
  38  3:38  Probe (Chrono Boost)  
  39  3:42  Blink (Chrono Boost), Sentry  
  41  3:49  Probe  
  41  3:52  Forge  
  42  4:01  Probe (Chrono Boost)  
  43  4:03  Stalker  
  45  4:12  Probe (Chrono Boost)  
  45  4:16  Probe (Chrono Boost)  
  47  4:20  Probe  
  46  4:31  Stalker, Probe  
  45  4:33  Stalker, Probe, Shield Battery  
  48  4:38  Protoss Ground Weapons Level 1 (Chrono Boost)  
  48  4:44  Probe  
  49  4:47  Probe  
  49  4:49  Gateway  
  50  4:54  Stalker  
  50  4:56  Stalker, Probe  
  55  5:01  Pylon  
  55  5:05  Robotics Facility  
  55  5:10  Probe  
  56  5:15  Probe  
  56  5:20  Nexus  
  57  5:28  Adept x2  
  61  5:30  Probe x2  
  60  5:42  Probe  
  60  5:44  Assimilator  
  60  5:45  Stalker  
  60  5:49  Probe  
  63  5:55  Stalker x2  
  65  6:14  Stalker  
  65  6:16  Probe  
  66  6:21  Probe  
  66  6:23  Stalker, Gateway x2  
  66  6:25  Nexus  
  69  6:28  Pylon  
  69  6:29  Pylon  
  67  6:33  Adept  
  67  6:35  Probe  
  70  6:42  Pylon  
  70  6:45  Observer  
  70  6:46  Probe  
  70  6:47  Gateway, Probe  
  72  6:48  Stalker  
  72  6:50  Stalker  
  77  6:56  Shield Battery  
  77  6:58  Probe  
  77  6:59  Probe  
  79  7:02  Stalker  
  81  7:10  Probe  
  81  7:12  Probe  
  83  7:22  Probe  
  84  7:33  Stalker x4  
Show
View Real Time Build Order
Export as new Build Order

sebesdes Protoss 

Build Orders: Blink Stalkers 

Get SALT Encoding   

  12  0:00  Probe  
  13  0:12  Probe  
  14  0:16  Pylon  
  14  0:24  Probe (Chrono Boost)  
  16  0:35  Gateway  
  16  0:36  Probe (Chrono Boost)  
  16  0:43  Probe (Chrono Boost)  
  16  0:45  Assimilator  
  17  0:50  Probe  
  17  0:52  Assimilator  
  18  1:03  Probe (Chrono Boost)  
  19  1:06  Gateway  
  20  1:12  Probe (Chrono Boost)  
  20  1:17  Probe (Chrono Boost)  
  20  1:22  Cybernetics Core  
  21  1:29  Probe  
  22  1:34  Pylon  
  22  1:41  Probe  
  23  1:53  Probe  
  24  1:59  Stalker, Sentry, Warp Gate  
  28  2:05  Probe  
  29  2:09  Pylon  
  29  2:30  Pylon  
  29  2:40  Stalker  
  31  2:45  Nexus  
  31  2:47  Probe  
  31  2:48  Sentry  
  34  2:59  Probe (Chrono Boost)  
  34  3:01  Shield Battery  
  35  3:10  Pylon, Probe (Chrono Boost)  
  36  3:15  Probe (Chrono Boost)  
  37  3:21  Twilight Council  
  37  3:25  Probe  
  38  3:33  Shield Battery  
  38  3:37  Probe  
  39  3:47  Stalker  
  41  3:49  Stalker, Probe  
  41  3:50  Blink (Chrono Boost)  
  44  3:57  Shield Battery  
  44  4:01  Probe  
  45  4:12  Shield Battery  
  45  4:14  Stalker x2  
  45  4:16  Probe  
  47  4:20  Probe  
  45  4:28  Probe (Chrono Boost)  
  42  4:35  Probe (Chrono Boost)  
  42  4:40  Probe (Chrono Boost)  
  44  4:49  Probe x2 (Chrono Boost)  
  45  4:53  Adept x2  
  45  4:56  Probe  
  45  4:59  Probe  
  51  5:08  Probe  
  51  5:11  Probe  
  53  5:14  Stalker x2  
  53  5:17  Pylon  
  53  5:21  Probe  
  58  5:23  Probe  
  59  5:33  Nexus  
  60  5:35  Probe  
  60  5:45  Probe  
  60  5:48  Stalker x2  
  61  5:50  Probe  
  61  5:58  Probe  
  62  6:05  Probe  
  63  6:14  Probe  
  60  6:20  Stalker x2  
  60  6:22  Probe  
  65  6:26  Probe  
  65  6:29  Nexus  
  66  6:35  Robotics Facility, Probe  
  66  6:37  Assimilator  
  67  6:40  Probe (Chrono Boost)  
  67  6:46  Pylon  
  68  6:48  Gateway  
  68  6:50  Gateway  
  68  6:51  Probe (Chrono Boost)  
  68  6:53  Probe (Chrono Boost)  
  70  7:03  Probe x2 (Chrono Boost)  
  70  7:05  Zealot x2  
  76  7:13  Probe x2  
  72  7:25  Stalker x2  
Tags
 
Add a new tag
Caveats
  • Supply blocks, unpowered buildings, or Contaminate may cause inaccurate times.
  • Supply counts are checked every 10 seconds.